 Dungeon Crawl Stone Soup version 0.28.0-45-g0d030f2227 (webtiles) character file.

Game seed: 5618333360001808366

122 Peloso the Covered (level 4, -1/40 HPs)
             Began as a Minotaur Fighter on Apr 10, 2022.
             Succumbed to an adder's poison
             ... on level 2 of the Dungeon.
             The game lasted 00:02:22 (1362 turns).

Peloso the Covered (Minotaur Fighter)               Turns: 1362, Time: 00:02:23

Health: -1/40      AC:  7    Str: 21    XL:     4   Next: 78%
Magic:  3/3        EV:  9    Int:  5    God:
Gold:   23         SH:  4    Dex: 11    Spells: 3/3 levels left

rFire   + . .      SeeInvis .   a - +0 long sword
rCold   + . .      Faith    .   c - +0 buckler
rNeg    . . .      Spirit   .   k - +0 scale mail
rPois   .          Reflect  .   (helmet restricted)
rElec   .          Harm     .   g - scarf {rC+ rF+}
rCorr   .          Rampage  .   (no gloves)
Will    .....                   (no boots)
Stlth   ..........              (no amulet)
HPRegen 0.13/turn               (no ring)
MPRegen 0.08/turn               (no ring)

@: brilliant, lethally poisoned (-1 -> -9)
A: horns 2, retaliatory headbutt
a: no special abilities


You were on level 2 of the Dungeon.
You visited 1 branch of the dungeon, and saw 2 of its levels.

You collected 23 gold pieces.

Inventory:

Hand Weapons
 a - a +0 long sword (weapon)
 b - a +2 spear of flaming
Armour
 c - a +0 buckler (worn)
 g - a scarf of resistance (worn)
 k - a +0 scale mail (worn)
Scrolls
 e - a scroll of vulnerability {unknown}
 f - 2 scrolls of teleportation {unknown}
 i - a scroll of enchant weapon {unknown}
Potions
 d - a potion of might


   Skills:
 + Level 4.1 Fighting
 + Level 4.2 Long Blades
 + Level 4.5 Armour
 + Level 0.6 Dodging
 + Level 4.3 Shields


You had 3 spell levels left.
You didn't know any spells.
Your spell library contained the following spells:

 Spells                   Type           Power      Damage    Failure   Level
 Magic Dart               Conj           0%         1d3       88%         1
 Searing Ray              Conj           0%         2d4       95%         2
 Fulminant Prism          Conj/Hex       0%         3d6       100%        4
 Blade Hands              Tmut           0%         N/A       100%        5
 Irradiate                Conj/Tmut      0%         3d14      100%        5
 Dragon Form              Tmut           0%         N/A       100%        7


Dungeon Overview and Level Annotations

Branches:
Dungeon (2/15)

Altars:


Innate Abilities, Weirdness & Mutations

You have a pair of horns on your head.
You reflexively headbutt those who attack you in melee.


Message History

The adder bites you but does no damage. The adder barely misses you.
You hit the adder.
The adder is almost dead.
The adder bites you.
* * * LOW HITPOINT WARNING * * *
You block the adder's attack. The adder barely misses you.
The adder closely misses you.
Unknown command.
You closely miss the adder.
The adder is almost dead.
The adder bites you.
* * * LOW HITPOINT WARNING * * *
The adder bites you but does no damage. x2
Unknown command.
You barely miss the adder.
The adder is almost dead.
You hear an angry hiss.
You block the adder's attack. x2; The adder bites you but does no damage.
Unknown command.
You closely miss the adder. Your headbutt misses the adder.
The adder is severely wounded.
The adder bites you.
* * * LOW HITPOINT WARNING * * *
You are lethally poisoned!
The adder poisons you! The adder bites you but does no damage.
The adder bites you.
* * * LOW HITPOINT WARNING * * *
You are more poisoned.
The adder poisons you!
You miss the adder.
The adder is severely wounded.
* * * LOW HITPOINT WARNING * * *
You feel very sick. The adder barely misses you. You furiously retaliate!
You headbutt the adder!
You kill the adder!
The adder bites you but does no damage.
Unknown command.
You barely miss the adder.
The adder is heavily wounded.
You die...

.## ... ...
#########.#
#..........
#.......####.#
#.......#@SKr#
#+####.......J####...#
#....'......##.# #
########......# !.#
.....>.#...<..# S##
#####....._....)#.
#..............##.
...#...........# ##
...............#


You could see an adder, an endoplasm, a quokka and a kobold.

Vanquished Creatures
  A howler monkey (D:2)
  Robin (D:2)
  An adder (D:2)
  3 dart slugs (D:1)
  6 ball pythons (D:1)
  6 endoplasms (D:1)
  3 giant cockroaches
  6 hobgoblins
  4 jackals (D:1)
  3 kobolds (D:1)
  A quokka (D:1)
  10 goblins (D:1)
  3 rats (D:1)
48 creatures vanquished.

Notes
Turn   | Place    | Note
-------+----------+-------------------------------------------
     0 | D:1      | Peloso the Minotaur Fighter began the quest for the Orb.
     0 | D:1      | Reached XP level 1. HP: 19/19 MP: 0/0
   124 | D:1      | Reached XP level 2. HP: 27/27 MP: 1/1
   522 | D:1      | Reached XP level 3. HP: 33/33 MP: 2/2
   806 | D:2      | Noticed Robin
  1188 | D:2      | Killed Robin
  1189 | D:2      | Reached XP level 4. HP: 23/40 MP: 3/3
  1327 | D:2      | Found a faded altar of an unknown god.
  1361 | D:2      | HP: 1/40 [poisoned by an adder]
  1362 | D:2      | Succumbed to an adder's poison

Illustrated notes

Levels and vault maps discovered:
D:1:      wander_arrival_lonely_grave, layout_loops_ring
D:2:      layout_basic, basic_altar, basic_ecumenical_altar,
          minmay_pentomino_pile, uniq_robin

Skill      XL: |  1  2  3  4 |
---------------+-------------+-----
Armour         | 4 |  4.5
Shields        | 4 |  4.3
Long Blades    | 3 4 |  4.2
Fighting       | 4 |  4.1
Dodging        | |  0.6

Action                   |  1- 3 |  4- 6 || total
-------------------------+-------+-------++-------
Melee: Long sword        |    83 |    17 ||   100
       Headbutt          |    13 |       ||    13
  Use: Potion            |       |     2 ||     2
Armor: Scale mail        |    45 |    11 ||    56
Dodge: Dodged            |    38 |    11 ||    49
Block: Buckler           |    14 |    10 ||    24
